 Dungeon Crawl Stone Soup version 0.17-a0-1910-g4c791fa (webtiles) character file.

465 Goblin1989 the Insei (level 7, -9/35 HPs)
             Began as a Vine Stalker Monk on Sept 25, 2015.
             Was a Believer of Cheibriados.
             Mangled by a troll (10 damage)
             ... on level 5 of the Dungeon.
             The game lasted 00:12:23 (3228 turns).

Goblin1989 the Insei (Vine Stalker Monk)            Turns: 3228, Time: 00:12:23

Health: -9/35      AC:  9    Str: 18    XL:     7   Next: 8%
Magic:  0/8        EV: 13    Int: 20    God:    Cheibriados [**....]
Gold:   74         SH:  0    Dex: 22    Spells: 0 memorised, 6 levels left

rFire  . . .     SeeInvis .       - Unarmed
rCold  . . .     Clarity  .     a - +1 robe
rNeg   . . .     SustAt   .     (no shield)
rPois  .         Gourm    .     d - +0 helmet {Int+3}
rElec  .         Spirit   +     i - +0 cloak
rCorr  .         Warding  .     h - +2 pair of gloves
rMut   .         Stasis   .     e - +0 pair of boots
MR     .....                    (no amulet)
Stlth  ++++......               (no ring)
                                (no ring)

@: about to teleport, very slow, not resistant to hostile enchantments, stealthy
A: fangs 2, regeneration 2, magic shield, antimagic bite, no device heal 3, rot
immunity
a: Bend Time, Renounce Religion


You were on level 5 of the Dungeon.
You worshipped Cheibriados.
Cheibriados was pleased with you.
You were not hungry.

You visited 1 branch of the dungeon, and saw 5 of its levels.

You collected 139 gold pieces.
You spent 65 gold pieces at shops.

Inventory:

Hand weapons
 b - a +0 blowgun
Missiles
 c - a needle of sleeping
Armour
 a - a +1 robe (worn)
 d - a +0 helmet of intelligence (worn)
 e - a +0 pair of boots (worn)
 h - a +2 pair of gloves (worn)
 i - a +0 cloak (worn)
Scrolls
 g - a scroll of recharging
 r - 2 scrolls of magic mapping
 t - 2 scrolls of remove curse
Potions
 j - a potion of agility
 k - 2 potions of heal wounds {unknown}
 l - a potion of magic {unknown}
 m - a potion of curing {unknown}
 p - a potion of haste {unknown}
Comestibles
 f - 4 bread rations
 n - 5 fruits
 q - a royal jelly


   Skills:
 - Level 2.6 Fighting
 - Level 2.4 Dodging
 + Level 5.7 Stealth
 * Level 7.1 Unarmed Combat


You had 6 spell levels left.
You didn't know any spells.

Dungeon Overview and Level Annotations

Branches:
Dungeon (5/15)             Temple (0/1) D:4

Altars:
Cheibriados
Fedhas
Yredelemnul

Shops:
D:4 (


Innate Abilities, Weirdness & Mutations

You have extremely sharp teeth.
You heal very quickly.
When hurt, damage is shared between your health and your magic reserves.
Your bite disrupts and absorbs the magic of your enemies.
Potions and wands cannot restore your health.
You are immune to rotting.


Message History

The troll claws you.
The crimson imp hits you but does no damage.
Firing (i - inventory):
c - 2 needles of sleeping (quivered)
Press: ? - help, Shift-Dir - straight line, f/p - troll
Aim: a troll You shoot a needle of sleeping.
The needle of sleeping hits the troll.
The troll resists.
The troll bites you but does no damage. The troll claws you!
The troll misses you.
The crimson imp hits you but does no damage.
You are now empty-handed.
The troll bites you!
* * * LOW HITPOINT WARNING * * *
The troll claws you.
* * * LOW HITPOINT WARNING * * *
The troll closely misses you.
Read which item? (? for menu, Esc to quit)
As you read the scroll of teleportation, it crumbles to dust.
You feel strangely unstable. The crimson imp hits you.
* * * LOW HITPOINT WARNING * * *
The troll closely misses you. The troll claws you!
You die...

##### ######### #...#
#<....... ...#
..###.####### ...#
#.......##### ##.##
...........[###...###
.##.....#...........####
#.##..#.#.###..5......
#. #......# ##@#..####
.. ...###.# #T#..#
......## ##. #o# .# ..
....# .. ... .# .....
.##.... # .. .......<
.#.##..# .#. ..# # #.
..#


You could see a troll, a crimson imp and an orc.

Vanquished Creatures
  An ogre (D:4)
  An ice beast (D:5)
  An iguana (D:4)
  2 giant frog skeletons (D:4)
  2 worker ants (D:4)
  Robin (D:3)
  2 adders (D:2)
  4 gnolls (D:2)
  An adder skeleton (D:4)
  2 worms
  2 giant geckos
  8 orcs
  2 giant cockroaches
  9 hobgoblins
  4 jackals (D:1)
  A quokka (D:2)
  3 ball pythons
  6 bats
  2 giant newts
  15 goblins
  3 kobolds
  8 rats
80 creatures vanquished.

Vanquished Creatures (others)
  2 plants (D:3)
2 creatures vanquished.

Grand Total: 82 creatures vanquished

Notes
Turn   | Place    | Note
--------------------------------------------------------------
     0 | D:1      | Goblin1989 the Vine Stalker Monk began the quest for the Orb.
     0 | D:1      | Reached XP level 1. HP: 11/11 MP: 2/2
   279 | D:1      | Reached XP level 2. HP: 8/16 MP: 3/3
   930 | D:2      | Reached XP level 3. HP: 19/19 MP: 4/4
  1086 | D:2      | Reached skill level 5 in Unarmed Combat
  1095 | D:2      | Reached XP level 4. HP: 13/23 MP: 5/5
  1595 | D:3      | Noticed Robin
  1815 | D:3      | Found a blossoming altar of Fedhas.
  1849 | D:3      | Killed Robin
  1849 | D:3      | Reached XP level 5. HP: 17/27 MP: 6/6
  2128 | D:3      | Found a snail-covered altar of Cheibriados.
  2132 | D:3      | Became a worshipper of Cheibriados the Contemplative
  2132 | D:3      | Acquired Cheibriados's first power
  2438 | D:4      | Found Ovuocw's Antique Weapon Emporium.
  2445 | D:4      | Bought a blowgun for 65 gold pieces
  2581 | D:4      | Found a staircase to the Ecumenical Temple.
  2619 | D:4      | Found a basalt altar of Yredelemnul.
  2657 | D:4      | Reached skill level 6 in Unarmed Combat
  2758 | D:4      | Gained mutation: You heal very quickly. [Vine Stalker growth]
  2758 | D:4      | Reached XP level 6. HP: 30/32 MP: 7/7
  2873 | D:4      | Noticed an ogre
  2879 | D:4      | Killed an ogre
  2879 | D:4      | Reached skill level 5 in Stealth
  3190 | D:5      | Entered Level 5 of the Dungeon
  3217 | D:5      | Noticed a troll
  3223 | D:5      | Reached skill level 7 in Unarmed Combat
  3223 | D:5      | Reached XP level 7. HP: 21/35 MP: 8/8
  3228 | D:5      | HP: 1/35 [crimson imp (1)]
  3228 | D:5      | Mangled by a troll

Vault maps used:
D:1:      dpeg_arrival_brainrot, minivault_26, serial_park_tiny_1,
          solitary_fountain, minmay_door_square, hangedman_feature_mirror
D:3:      overflow_temple_1_default, fedhas_altar_1, uniq_robin
D:4:      overflow_temple_1_default, minmay_temple_entry_crystal_x,
          serial_shops, nicolae_shop_crystal, minmay_hedge_maze
D:5:      tso_oasis_becter, first_bread

Action                   |  1- 3 |  4- 6 |  7- 9 || total
-------------------------+-------+-------+-------++-------
Melee: Unarmed           |   102 |   142 |       ||   244
 Fire: Blowgun           |       |     1 |     2 ||     3
  Use: Scroll            |       |    11 |     1 ||    12
 Stab: Sleeping          |     5 |     8 |       ||    13
       Distracted        |       |     3 |       ||     3
  Eat: Chunk             |       |     3 |       ||     3
       Fruit             |       |     1 |       ||     1
       Beef jerky        |       |     1 |       ||     1
